 Dungeon Crawl Stone Soup version 0.31-a0-366-ga77b45bd9b (webtiles) character file.

Game seed: 11366062798591530663

105 AdnanSaban the Trooper (level 4, -1/29 HPs)
             Began as a Gargoyle Fighter on July 28, 2023.
             Slain by an orc wizard
             ... wielding a +0 dagger
              (3 damage)
             ... on level 3 of the Dungeon.
             The game lasted 00:02:12 (1960 turns).

AdnanSaban the Trooper (Gargoyle Fighter)           Turns: 1960, Time: 00:02:12

Health: -1/29      AC: 12    Str: 22    XL:     4   Next: 81%
Magic:  4/4        EV:  9    Int:  8    God:
Gold:   47         SH:  0    Dex:  9    Spells: 3/3 levels left

rFire   + + .        a - +0 flail
rCold   x . .        c - +0 buckler
rNeg    + . .        p - +0 fire dragon scales
rPois   ∞            (no helmet)
rElec   +            (no cloak)
rCorr   .            (no gloves)
SInv    .            (no boots)
Will    .....        (no amulet) Stlth
                     (no ring)
HPRegen 0.24/turn    (no ring)
MPRegen 0.09/turn

%: no passive effects
@: confused
A: sickness immunity, AC +3, negative energy resistance 1, electricity
resistance, torment resistance 1, petrification resistance
a: no special abilities


You were on level 3 of the Dungeon.
You visited 1 branch of the dungeon, and saw 3 of its levels.

You collected 47 gold pieces.

Inventory:

Hand Weapons
 a - a +0 flail (weapon)
Missiles
 h - 6 atropa-tipped darts
 m - 4 curare-tipped darts
 n - 4 boomerangs (quivered)
Armour
 c - a +0 buckler (worn)
 p - +0 fire dragon scales (worn)
Jewellery
 l - an amulet of faith
Scrolls
 g - 2 scrolls of identify {unknown}
 j - 2 scrolls of teleportation {unknown}
 k - a scroll of butterflies {unknown}
Potions
 d - a potion of might
 e - 2 potions of curing {unknown}
 f - 3 potions of haste {unknown}
 i - a potion of ambrosia {unknown}
 o - a potion of experience {unknown}


   Skills:
 + Level 3.7 Fighting
 + Level 3.6 Maces & Flails
 + Level 0.2 Throwing
 + Level 3.7 Armour
 + Level 1.0 Dodging
 + Level 3.5 Shields


You had 3 spell levels left.
You didn't know any spells.
Your spell library was empty.

Dungeon Overview and Level Annotations

Branches:
Dungeon (3/15)

Altars:

Shops:
D:1 ?

Annotations:
D:2 Pargi
D:3 Natasha


Innate Abilities, Weirdness & Mutations

You are immune to sickness and miasma.
Your stone body is resilient. (AC +3)
You are immune to poison.
You resist negative energy. (rN+)
You are resistant to electric shocks. (rElec)
You are resistant to unholy torment.
You are immune to petrification.


Message History

You bump into the rock wall.
The cerulean imp hits you from afar with a +2 spear.
The orc hits you with a +0 war axe.
You hear some strange, mumbled words.
A magic dart appears from out of thin air!
The magic dart hits you. The cerulean imp closely misses you.
You closely miss the orc.
The orc is almost dead.
The cerulean imp hits you from afar with a +2 spear.
The orc barely misses you. Something hits you but does no damage.
The cerulean imp hits you from afar with a +0 spear.
The cerulean imp hits you but does no damage.
The orc closely misses you.
You miss something. Something hits you but does no damage.
The cerulean imp hits you but does no damage.
The orc completely misses you.
The cerulean imp hits you but does no damage.
You hear some strange, mumbled words.
You are more confused.
You bump into the rock wall.
The cerulean imp barely misses you. The orc hits you with a +0 war axe.
* * * LOW HITPOINT WARNING * * *
The cerulean imp barely misses you. Something hits you but does no damage.
You bump into the rock wall.
The cerulean imp hits you from afar with a +0 spear.
* * * LOW HITPOINT WARNING * * *
The cerulean imp hits you but does no damage.
The orc barely misses you. Something hits you but does no damage.
You miss something.
The cerulean imp hits you but does no damage.
The cerulean imp barely misses you. The orc barely misses you.
You hear some strange, mumbled words.
You are more confused.
The cerulean imp hits you but does no damage.
You bump into the rock wall.
The cerulean imp hits you but does no damage.
The orc hits you with a +0 war axe.
* * * LOW HITPOINT WARNING * * *
Something hits you.
You die...

....... .......
....... ......h .....
# .55 .#### #o## ...#
#{@# #######.##
##.### .........#####
#...#
...#.........#####.##
...#####......# #..#
...# ######.#####.##
...# #...###..#
...###### ###...##.##
........###
###.##..###


You could see Natasha, 2 cerulean imps and an orc.

Vanquished Creatures
  Terence (D:3)
  2 adders (D:2)
  A river rat (D:3)
  A worm (D:3)
  2 orcs (D:3)
  2 ball pythons (D:1)
  7 endoplasms
  A giant cockroach (D:3)
  3 goblins
  5 hobgoblins
  6 jackals
  A quokka (D:2)
  3 bats
  2 frilled lizards (D:1)
  4 kobolds (D:1)
  A rat (D:3)
42 creatures vanquished.

Notes
Turn   | Place    | Note
-------+----------+-------------------------------------------
     0 | D:1      | AdnanSaban the Gargoyle Fighter began the quest for the
                  | Orb.
     0 | D:1      | Reached XP level 1. HP: 14/14 MP: 1/1
    23 | D:1      | Found a faded altar of an unknown god.
    63 | D:1      | Reached XP level 2. HP: 11/19 MP: 2/2
   404 | D:1      | Found Gisucs's Magic Scroll Shop.
   642 | D:1      | Reached XP level 3. HP: 22/23 MP: 3/3
  1344 | D:2      | Reached XP level 4. HP: 29/29 MP: 4/4
  1759 | D:3      | Noticed Terence
  1761 | D:3      | Noticed Pargi
  1806 | D:3      | Killed Terence
  1807 | D:3      | Reached skill level 1 in Dodging
  1946 | D:3      | Noticed Natasha
  1960 | D:3      | Slain by an orc wizard

Illustrated notes

Levels and vault maps discovered:
D:1:      minmay_arrival_arboretum_large, layout_loops_ring,
          chequers_ecumenical_altar_simple_redux, serial_shops,
          nicolae_shop_waterfront, chequers_serial_rivers_micro_e
D:2:      layout_basic
D:3:      layout_rooms, portal_sewer_entry_a, uniq_terence, uniq_natasha,
          uniq_pargi

Skill      XL: |  1  2  3  4 |
---------------+-------------+-----
Maces & Flails | 3 |  3.6
Dodging        | 1 |  1.0
Fighting       | |  3.7
Throwing       | |  0.2
Armour         | |  3.7
Shields        | |  3.5

Action                     |  1- 3 |  4- 6 || total
---------------------------+-------+-------++-------
  Melee: Flail             |   107 |    45 ||   152
  Throw: Boomerang         |     2 |       ||     2
 Armour: Scale mail        |    60 |       ||    60
         Fire dragon scale |     5 |    68 ||    73
  Dodge: Dodged            |    76 |    59 ||   135
  Block: Buckler           |    20 |    19 ||    39

Table legend: (Time is in decaauts)
 A = Elapsed time spent in this place.
 B = Non-inter-level travel time spent in this place.
 C = Inter-level travel time spent in this place.
 D = Time resting spent in this place.
 E = Time spent auto-exploring this place.
 F = Levels seen in this place.
 G = Mean time per level.
                   A        B        C        D        E       F      G
               +--------+--------+--------+--------+--------+-----+--------+
         Total |   2006 |   1835 |    171 |      0 |   1451 |   3 |  668.7 |
       Dungeon |   2006 |   1835 |    171 |      0 |   1451 |   3 |  668.7 |
               +--------+--------+--------+--------+--------+-----+--------+

Top non-repeatable levels by time:
     D:2: 1055 daAuts
     D:1: 767 daAuts
     D:3: 184 daAuts
